 Seeded DCSS version 0.32-a0-961-gd60f5e5fc7 (webtiles) character file.

Game seed: 2024041705 (custom seed)

153 Orlauf the Poker (level 5, -1/41 HPs)
             Began as a Demonspawn Gladiator on Apr 17, 2024.
             Slain by an orc priest
             ... wielding a +0 flail
              (7 damage)
             ... on level 3 of the Dungeon.
             The game lasted 00:01:55 (1564 turns).

Orlauf the Poker (Demonspawn Gladiator)             Turns: 1564, Time: 00:01:56

Health: -1/41      AC:  7    Str: 16    XL:     5   Next: 12%
Magic:  0/5        EV:  9    Int:  8    God:
Gold:   79         SH:  0    Dex: 17    Spells: 4/4 levels left

rFire   + . .        a - +0 trident (heavy)
rCold   . . .        (no shield)
rNeg    . . .        k - +0 scale mail
rPois   +            c - +0 helmet
rElec   .            (no cloak)
rCorr   .            (no gloves)
SInv    .            (no boots)
Will    +....        f - amulet of guardian spirit
Stlth   +            b - ring "Ojam" {rPois rF+ Will+ Slay-3}
HPRegen 0.26/turn    (no ring)
MPRegen 0.09/turn

%: guardian spirit
@: no status effects
A: thin skeletal structure 1, demonic guardian 1, foul stench 1
a: Convert to Beogh


You were on level 3 of the Dungeon.
You visited 1 branch of the dungeon, and saw 3 of its levels.

You collected 79 gold pieces.

Inventory:

Hand Weapons
 a - a +0 heavy trident (weapon)
Missiles
 d - 3 throwing nets (quivered)
 e - 6 javelins
Armour
 c - a +0 helmet (worn)
 k - a +0 scale mail (worn)
Jewellery
 b - the ring "Ojam" (left hand) {rPois rF+ Will+ Slay-3}
   (You found it on level 2 of the Dungeon)

   [ring of poison resistance]

   Slay-3:    It affects your accuracy & damage with ranged weapons and melee
   (-3).
   rF+:       It protects you from fire.
   rPois:     It protects you from poison.
   Will+:     It increases your willpower.
 f - an amulet of guardian spirit (around neck)
Wands
 l - a wand of paralysis (6)
Scrolls
 g - a scroll of teleportation
 j - a scroll of immolation
Potions
 h - a potion of mutation


   Skills:
 + Level 3.4 Fighting
 * Level 4.6 Polearms
 - Level 1.7 Throwing
 - Level 2.6 Dodging


You had 4 spell levels left.
You didn't know any spells.
Your spell library contained the following spells:

 Spells                   Type           Power      Damage    Failure   Level
 Apportation              Tloc           0%         N/A       86%         1
 Necrotise                Necr           0%         1d4       86%         1
 Sting                    Conj/Alch      0%         1d3       86%         1
 Summon Small Mammal      Summ           0%         N/A       86%         1


Dungeon Overview and Level Annotations

Branches:
Dungeon (3/15)

Altars:

Shops:
D:2 !


Innate Abilities, Weirdness & Mutations

You have a somewhat thin skeletal structure. (Dex +2, Stealth+)
A weak demonic guardian rushes to your aid.
You may rarely emit foul miasma when damaged in melee.


Message History

An orc priest comes into view. It is wielding a +0 flail.
The orc closely misses you.
You puncture the orc!
You kill the orc!
The orc hits you but does no damage.
The orc priest invokes the aid of Beogh against you.
Beogh smites you! The orc hits you but does no damage.
The kobold hits you with a +0 short sword.
The orc priest shouts, "Surrender to Beogh and we'll let you live!" (press Y on the ability menu to convert to Beogh)
You barely miss the kobold. The orc hits you but does no damage.
The kobold hits you but does no damage.
The orc priest calls down the wrath of Beogh upon you.
Beogh smites you!
* * * LOW HITPOINT WARNING * * *
A demonic guardian appears!
The orc hits you but does no damage. The orc barely misses your white imp.
The kobold hits you but does no damage.
You hit the kobold.
You kill the kobold!
A bat comes into view.
The orc hits you but does no damage.
The orc hits your white imp with a +0 hand axe.
Your white imp closely misses the orc.
The bat moves out of view.
Okay, then.
You hit the orc.
The orc is almost dead.
The orc closely misses you.
The orc hits your white imp with a +0 hand axe.
Your white imp closely misses the orc.
The orc priest hits you with a +0 flail.
* * * LOW HITPOINT WARNING * * *
The orc closely misses you.
The orc hits your white imp but does no damage.
Your white imp gestures at the orc.
The puff of frost hits the orc!
The orc dies!
You puncture the orc priest!
The orc priest is heavily wounded.
The orc priest hits you with a +0 flail!
You die...

# ##.###
####......
.#####<........
........@#.....
..###..)o)......
.......5.......
.###...#.......
#...###..>...
#.## ###### #. .


You could see an orc priest (ally target) and a friendly white imp (summoned).

Vanquished Creatures
  Jessica (D:2)
  Natasha (twice) (D:2)
  An adder (D:2)
  2 dart slugs
  2 orcs (D:3)
  3 ball pythons
  An endoplasm (D:1)
  A giant cockroach (D:2)
  5 goblins
  4 hobgoblins
  7 kobolds
  A frilled lizard (D:1)
  6 rats
36 creatures vanquished.

Vanquished Creatures (collateral kills)
  Natasha (D:2)
  An orc (D:3)
2 creatures vanquished.

Grand Total: 38 creatures vanquished

Notes
Turn   | Place    | Note
-------+----------+-------------------------------------------
     0 | D:1      | Orlauf the Demonspawn Gladiator began the quest for the
                  | Orb.
     0 | D:1      | Reached XP level 1. HP: 16/16 MP: 1/1
   174 | D:1      | Reached skill level 3 in Polearms
   224 | D:1      | Gained mutation: You may rarely emit foul miasma when
                  | damaged in melee. [demonic ancestry]
   224 | D:1      | Reached XP level 2. HP: 22/22 MP: 2/2
   745 | D:2      | Noticed Jessica
   750 | D:2      | Killed Jessica
   751 | D:2      | Gained mutation: You have a somewhat thin skeletal
                  | structure. (Dex +2, Stealth+) [demonic ancestry]
   751 | D:2      | Reached XP level 3. HP: 10/28 MP: 1/3
   969 | D:2      | Identified the ring "Ojam" {rPois rF+ Will+ Slay-3}
  1023 | D:2      | Noticed Natasha
  1038 | D:2      | Killed Natasha
  1039 | D:2      | Reached skill level 4 in Polearms
  1039 | D:2      | Gained mutation: A weak demonic guardian rushes to your
                  | aid. [demonic ancestry]
  1039 | D:2      | Reached XP level 4. HP: 11/35 MP: 1/4
  1242 | D:2      | Noticed Natasha
  1249 | D:2      | Killed Natasha
  1354 | D:2      | Noticed Natasha
  1362 | D:2      | Killed Natasha
  1363 | D:2      | Reached XP level 5. HP: 23/41 MP: 3/5
  1511 | D:2      | Found Moewouqahi's Distillery.
  1564 | D:3      | Slain by an orc priest

Illustrated notes

Levels and vault maps discovered:
D:1:      nagdon_arrival_zigzag_paths, layout_loops_cross,
          hangedman_decor_clover_reticule
D:2:      layout_rooms, serial_shops, shop, minmay_tetromino_t2, uniq_natasha,
          uniq_jessica
D:3:      layout_loops_ring, lemuel_doored_altar, uniq_ijyb, uniq_sigmund

Skill      XL: |  1  2  3 |
---------------+----------+-----
Polearms       | 3 4 |  4.6
Fighting       | 3 |  3.4
Throwing       | |  1.7
Dodging        | |  2.6

Action                     |  1- 3 |  4- 6 || total
---------------------------+-------+-------++-------
  Melee: Trident           |    62 |    29 ||    91
    Use: Scroll            |     1 |     4 ||     5
   Stab: Sleeping          |       |     1 ||     1
 Armour: Leather armour    |    10 |       ||    10
         Scale mail        |    27 |    39 ||    66
  Dodge: Dodged            |    20 |    18 ||    38

Table legend: (Time is in decaauts)
 A = Elapsed time spent in this place.
 B = Non-inter-level travel time spent in this place.
 C = Inter-level travel time spent in this place.
 D = Time resting spent in this place.
 E = Time spent auto-exploring this place.
 F = Levels seen in this place.
 G = Mean time per level.
                   A        B        C        D        E       F      G
               +--------+--------+--------+--------+--------+-----+--------+
         Total |   1587 |   1533 |     54 |    113 |   1160 |   3 |  529.0 |
       Dungeon |   1587 |   1533 |     54 |    113 |   1160 |   3 |  529.0 |
               +--------+--------+--------+--------+--------+-----+--------+

Top non-repeatable levels by time:
     D:2: 819 daAuts
     D:1: 749 daAuts
     D:3: 18 daAuts
